AoeStats
← CallMeDad

Arena

510009029Analyzed
1v1 RM · 4d ago on Sep 29, 2026· 193m 18s· 2 players
Game mode
Random Map
Map size
Tiny (2 player)
Population
200
Speed
Normal
Resources
Standard
Victory
Conquest
Starting age
Dark Age
Ending age
Imperial Age
RankedLock teamsTeams togetherTeam positionsShared explorationLock speedFull tech treeHidden civsTurbo modeCheats
Victory
Defeat
🇺🇸 Teutons · United States
376
+16
🇺🇸 Japanese · United States
379
-16
IBeTeuton
12:08 Feudal Age
14:35 Double-Bit Axe
21:24 Castle Age
20:37 Horse Collar
23:53 Bow Saw
27:31 Loom
28:23 Wheelbarrow
27:36 Town Watch
28:13 Heavy Plow
31:14 Town Patrol
31:47 Hand Cart
35:45 Imperial Age
33:07 Gambesons
33:59 Arson
34:14 Squires
34:39 Forging
34:30 Scale Mail Armor
34:23 Fletching
37:06 Stone Mining
37:07 Gold Mining
38:08 Ironclad
38:09 Crenellations
40:06 Two-Man Saw
39:40 Crop Rotation
39:54 Iron Casting
40:27 Conscription
40:47 Hoardings
42:08 Elite Teutonic Knight
43:18 Pikeman
48:03 Stone Shaft Mining
47:00 Heavy Scorpion
48:50 Halberdier
50:04 Chain Mail Armor
52:00 Fortified Wall
51:42 Guard Tower
55:51 Sappers
57:33 Blast Furnace
57:04 Plate Mail Armor
56:35 Bodkin Arrow
57:08 Ballistics
56:37 Arrowslits
56:59 Siege Engineers
57:06 Masonry
84:01 Onager
91:19 Siege Onager
114:39 Chemistry
161:21 Bloodlines
161:46 Scale Barding Armor
CallMeDad
10:07 Feudal Age
9:17 Loom
10:55 Double-Bit Axe
21:21 Castle Age
21:21 Scale Barding Armor
23:33 Stone Mining
23:34 Gold Mining
23:44 Gold Mining
28:53 Wheelbarrow
31:06 Fortified Wall
33:06 Gold Shaft Mining
34:45 Masonry
35:09 Yasama
42:33 Imperial Age
40:24 Hand Cart
41:20 Town Watch
41:58 Murder Holes
41:55 Guard Tower
43:14 Arson
43:30 Fletching
45:24 Elite Samurai
47:21 Keep
46:32 Horse Collar
51:28 Hoardings
51:30 Kataparuto
51:11 Bodkin Arrow
52:40 Heavy Plow
53:22 Bracer
53:35 Forging
53:59 Squires
57:04 Chemistry
56:02 Arrowslits
57:09 Bow Saw
57:30 Conscription
58:20 Iron Casting
57:46 Scale Mail Armor
61:35 Blast Furnace
60:52 Chain Mail Armor
63:00 Two-Man Saw
65:05 Plate Mail Armor
65:03 Ballistics
66:39 Capped Ram
75:55 Siege Engineers
75:33 Treadmill Crane
115:30 Padded Archer Armor
122:57 Town Patrol
135:58 Gambesons
184:22 Devotion
184:26 Atonement
184:38 Redemption
184:49 Sanctity
184:41 Fervor
184:57 Illumination
184:51 Block Printing
185:14 Theocracy
184:35 Herbal Medicine
186:08 Faith
186:13 Block Printing
186:33 Theocracy
Connection lost

Rejoining the realm…

Still unreachable

The connection could not be restored.

Session expired

The server has moved on; the page needs a fresh start.